 Dungeon Crawl Stone Soup version 0.28.0-53-g5a82cb258f (webtiles) character file.

Game seed: 17909953285514841171

494 Descartes the Twirler (level 7, -4/46 HPs)
             Began as an Octopode Wanderer on June 13, 2022.
             Slain by a steam dragon (9 damage)
             ... on level 5 of the Dungeon.
             The game lasted 00:05:35 (4264 turns).

Descartes the Twirler (Octopode Wanderer)           Turns: 4264, Time: 00:05:36

Health: -4/46      AC:  3    Str: 14    XL:     7   Next: 15%
Magic:  9/10       EV: 14    Int: 14    God:
Gold:   265        SH:  0    Dex: 13    Spells: 7/11 levels left

rFire   . . .      SeeInvis .   a - +3 quarterstaff
rCold   . . .      Faith    .   (shield currently unavailable)
rNeg    . . .      Spirit   .   h - +2 hat
rPois   .          Reflect  .   (no amulet)
rElec   .          Harm     .   (no ring)
rCorr   .          Rampage  .   (no ring)
Will    .....                   (no ring)
Stlth   +++.......              (no ring)
HPRegen 0.15/turn               (no ring)
MPRegen 0.12/turn               (no ring)
                                (no ring)
                                (no ring)

@: very slightly contaminated
A: almost no armour, amphibious, 8 rings, camouflage 1, gelatinous body 1,
(nimble swimmer 1), tentacles, agile 1, sense surroundings 1
a: no special abilities


You were on level 5 of the Dungeon.
You visited 2 branches of the dungeon, and saw 6 of its levels.

You collected 265 gold pieces.

Inventory:

Hand Weapons
 a - a +3 quarterstaff (weapon)
Missiles
 c - 70 stones
 d - 26 arrows
 f - 48 sling bullets
 i - 27 bolts
 q - 2 throwing nets
 r - 7 poisoned darts
Armour
 h - a +2 hat (worn)
Jewellery
 n - a +6 ring of strength
 u - a +4 ring of protection
 x - a ring of resist corrosion
Wands
 w - a wand of paralysis (3)
 C - a wand of acid (11)
Scrolls
 e - a scroll of holy word {unknown}
 g - a scroll of brand weapon {unknown}
 j - a scroll of acquirement {unknown}
 k - a scroll of vulnerability {unknown}
 l - a scroll of summoning {unknown}
 m - 2 scrolls of immolation {unknown}
 p - a scroll of magic mapping {unknown}
 t - 2 scrolls of identify {unknown}
 v - 2 scrolls of teleportation {unknown}
 y - a scroll of enchant weapon {unknown}
 B - a scroll of blinking {unknown}
Potions
 b - a potion of mutation
 o - a potion of flight {unknown}
 s - a potion of attraction {unknown}
 z - a potion of degeneration {unknown}
 A - a potion of lignification {unknown}


   Skills:
 - Level 3.0 Fighting
 + Level 4.9 Staves
 * Level 3.8 Dodging
 + Level 3.7 Stealth
 + Level 2.5 Spellcasting
 + Level 1.0 Conjurations
 + Level 1.0 Fire Magic
 + Level 3.3 Ice Magic


You had 7 spell levels left.
You knew the following spells:

 Your Spells              Type           Power      Damage    Failure   Level
a - Freeze                Ice            44%        1d6       6%          1
b - Frozen Ramparts       Ice            22%        1d4       17%         3

Your spell library contained the following spells:

 Spells                   Type           Power      Damage    Failure   Level
 Static Discharge         Conj/Air       3%         N/A       26%         2
 Ignite Poison            Fire/Tmut/Pois 2%         N/A       52%         3
 Mephitic Cloud           Conj/Pois/Air  2%         N/A       52%         3
 Sticky Flame             Conj/Fire      4%         2d3       82%         4
 Dispel Undead            Necr           1%         3d6       92%         4
 Freezing Cloud           Conj/Ice/Air   2%         6-21      98%         5


Dungeon Overview and Level Annotations

Branches:
Dungeon (5/15)             Temple (1/1) D:4

Altars:
Ashenzari
Dithmenos
Fedhas
Kikubaaqudgha
Ru
Sif Muna
Uskayaw
Vehumet
Xom
Zin
Lugonu


Innate Abilities, Weirdness & Mutations

You cannot wear most types of armour.
You are amphibious.
You can wear up to eight rings at the same time.
Your skin changes colour to match your surroundings (Stealth+).
Your rubbery body absorbs attacks. (AC +1, EV +1)
((You are camouflaged when in or above water. (Stealth+)))
You have tentacles for arms and can constrict up to eight enemies at once.
You are agile. (Dex +2)
You passively map a small area around you.


Message History

The bullfrog skeleton is almost destroyed.
You are engulfed in a cloud of scalding steam.
You constrict the bullfrog skeleton. The bullfrog skeleton hits you.
The steam dragon breathes steam at you. The ball of steam hits you!!
Ouch! That really hurt!
* * * LOW HITPOINT WARNING * * *
An adder comes into view.
The bullfrog skeleton hits you.
* * * LOW HITPOINT WARNING * * *
Really wriggle into that cloud of steam? [Y]es or [N]o only, please.
Really wriggle into that cloud of steam? [Y]es or [N]o only, please.
Really wriggle into that cloud of steam?
Okay, then.
You release your grip on the bullfrog skeleton.
The steam dragon bites you but does no damage.
The steam dragon closely misses you. The bullfrog skeleton hits you.
* * * LOW HITPOINT WARNING * * *
You barely miss the steam dragon. You squeeze the steam dragon.
The steam dragon is moderately wounded.
The bullfrog skeleton barely misses you.
The steam dragon closely misses you. x2
The bullfrog skeleton barely misses you.
Casting: Freeze (safe; 6% risk of failure)
Confirm with . or Enter, or press ? or * to list all spells.
Aiming: Freeze (safe; 6% risk of failure)
Press: ? - help, Shift-Dir - straight line, f - steam dragon
Aim: a steam dragon (moderately wounded)
You miscast Freeze.
You are very lightly contaminated with residual magic.
Nothing appears to happen.
The steam dragon barely misses you. x2
The bullfrog skeleton hits you.
* * * LOW HITPOINT WARNING * * *
It was a potion of mutation.
You feel extremely strange.
You feel agile.
You feel a strange attunement to the structure of the dungeons.
The steam dragon bites you!
You die...

### ## ##.# #.*
####.## ######.
##.##.## .......##
#.####.#
..?...Z@####.# #.##
......D.§.§.## ##.# *
#.#....###..# #.##
,..!>S.. ##.# #.[####
#.#.... #.## #......
....... #..# ##...###
, .......
###..####..### #
......###.....##..##
,,
...................##


You could see a steam dragon, an adder and a bullfrog skeleton.

Vanquished Creatures
  Eustachio (D:4)
  A kobold brigand (D:4)
  A howler monkey (D:5)
  3 hounds
  A jelly (D:4)
  Terence (D:3)
  A hound zombie (D:5)
  5 adders
  An ufetubus (D:4)
  An adder skeleton (D:4)
  A worm (D:2)
  A dart slug (D:1)
  2 orcs (D:3)
  2 bats
  2 endoplasms
  3 giant cockroaches
  3 goblins
  2 hobgoblins
  2 kobolds (D:3)
  A quokka (D:2)
  7 ball pythons
  6 frilled lizards
  A rat (D:2)
49 creatures vanquished.

Notes
Turn   | Place    | Note
-------+----------+-------------------------------------------
     0 | D:1      | Descartes the Octopode Wanderer began the quest for the
                  | Orb.
     0 | D:1      | Descartes set off with the following items: a +3
                  | quarterstaff; and the following spell memorised: Freeze;
                  | and the following spells available to memorise: Frozen
                  | Ramparts
     0 | D:1      | Reached XP level 1. HP: 16/16 MP: 2/2
   175 | D:1      | Reached XP level 2. HP: 21/21 MP: 3/3
   320 | D:1      | Reached skill level 1 in Dodging
   406 | D:1      | Reached skill level 1 in Stealth
   602 | D:1      | Found a faded altar of an unknown god.
   785 | D:2      | Reached XP level 3. HP: 9/26 MP: 3/5
  1713 | D:3      | Found a shimmering blue altar of Sif Muna.
  1801 | D:3      | Learned a level 3 spell: Frozen Ramparts
  1881 | D:3      | Found a shimmering altar of Xom.
  1882 | D:3      | Found a shimmering altar of Xom.
  1882 | D:3      | Found a shimmering altar of Xom.
  1883 | D:3      | Found a shimmering altar of Xom.
  1883 | D:3      | Found a shimmering altar of Xom.
  2051 | D:3      | Noticed Terence
  2059 | D:3      | Killed Terence
  2060 | D:3      | Reached XP level 4. HP: 20/31 MP: 2/6
  2713 | D:4      | Noticed a kobold brigand
  2723 | D:4      | Killed a kobold brigand
  2724 | D:4      | Reached XP level 5. HP: 16/36 MP: 1/8
  2988 | D:4      | Reached XP level 6. HP: 42/42 MP: 9/9
  3014 | D:4      | Found a staircase to the Ecumenical Temple.
  3023 | Temple   | Entered the Ecumenical Temple
  3659 | D:4      | Found a broken altar of Ashenzari.
  3793 | D:5      | Entered Level 5 of the Dungeon
  3793 | D:5      | Noticed Eustachio
  3820 | D:4      | Killed Eustachio
  4171 | D:5      | Reached skill level 1 in Conjurations
  4171 | D:5      | Reached skill level 1 in Fire Magic
  4171 | D:5      | Reached XP level 7. HP: 46/46 MP: 10/10
  4253 | D:5      | Noticed a steam dragon
  4264 | D:5      | Gained mutation: You are agile. (Dex +2) [potion of
                  | mutation]
  4264 | D:5      | Gained mutation: You passively map a small area around you.
                  | [potion of mutation]
  4264 | D:5      | Slain by a steam dragon

Illustrated notes

Levels and vault maps discovered:
D:1:      lightli_arrival_maybe_door_vault, layout_loops_cross,
          nicolae_ecumenical_snake_handling, minmay_crystal_water,
          hangedman_decor_lopped
D:2:      layout_basic
D:3:      layout_loops_ring, amcnicky_altar_gilded, xom_redecorated,
          nicolae_underground_beach, uniq_terence
D:4:      layout_basic, nicolae_ashenzari_skybound, minmay_temple_entry_wispy,
          dk_noncrumbling_2, minmay_stone_trees_small, minivault_5,
          kennysheep_generic_room_10
D:5:      layout_layer_cave, nicolae_qazlal_style_of_elements,
          overflow_temple_1_default, st_stairs_2,
          chequers_serial_rivers_micro_a, kennysheep_generic_room_11,
          uniq_pikel, uniq_eustachio
Temple:   corrupted_temple

Skill      XL: |  1  2  3  4  5  6 |
---------------+-------------------+-----
Dodging        | 1 2 3 |  3.8
Stealth        | 1 2 3 |  3.7
Spellcasting   | 2 |  2.5
Ice Magic      | 3 |  3.3
Conjurations   | 1 |  1.0
Fire Magic     | 1 |  1.0
Fighting       | |  3.0
Staves         | |  4.9

Action                   |  1- 3 |  4- 6 |  7- 9 || total
-------------------------+-------+-------+-------++-------
Melee: Quarterstaff      |    51 |    37 |     8 ||    96
       Constrict         |    12 |     8 |     1 ||    21
       Tentacles         |     7 |     8 |     3 ||    18
 Cast: Freeze            |     4 |    12 |       ||    16
  Use: Potion            |       |       |     1 ||     1
 Stab: Sleeping          |     4 |     5 |       ||     9
Armor: Skin              |     6 |     3 |     4 ||    13
Dodge: Dodged            |    18 |    35 |    16 ||    69
